 Dungeon Crawl Stone Soup version 0.20.1-1-g8b1a95d (webtiles) character file.

106 McKennaii the Insei (level 4, -1/28 HPs)
             Began as an Octopode Transmuter on Aug 14, 2017.
             Succumbed to an orc's poison
             ... on level 3 of the Dungeon.
             The game lasted 00:03:01 (2058 turns).

McKennaii the Insei (Octopode Transmuter)           Turns: 2058, Time: 00:03:01

Health: -1/28      AC:  5    Str:  9    XL:     4   Next: 84%
Magic:  5/7        EV: 13    Int: 16    God:
Gold:   201        SH:  0    Dex: 12    Spells: 1/7 levels left

rFire    . . .     SeeInvis .     - Unarmed
rCold    . . .     Gourm    .   (no shield)
rNeg     . . .     Faith    .   (helmet restricted)
rPois    .         Spirit   .   (no amulet)
rElec    .         Reflect  .   l - +4 ring of protection
rCorr    .         Harm     .   (no ring)
MR       .....                  (no ring)
Stlth    +++.......             (no ring)
Regen    0.1/turn               (no ring)
MPRegen  0.1/turn               (no ring)
                                (no ring)
                                (no ring)

@: lethally poisoned (-1 -> -34)
A: almost no armour, stealthy swim, amphibious, 8 rings, constrict 8, camouflage
1, gelatinous body 1
a: no special abilities


You were on level 3 of the Dungeon.
You were not hungry.

You visited 1 branch of the dungeon, and saw 3 of its levels.

You collected 201 gold pieces.

Inventory:

Missiles
 a - 35 arrows
Jewellery
 l - a +4 ring of protection (left tentacle)
Scrolls
 f - a scroll of identify {unknown}
 h - 2 scrolls of remove curse {unknown}
 i - a scroll of random uselessness {unknown}
 j - a scroll of fog {unknown}
 p - a scroll of teleportation {unknown}
Potions
 k - a potion of degeneration {unknown}
 m - a potion of magic {unknown}
 q - a potion of ambrosia {unknown}
Books
 b - a book of Changes

   Spells                             Type                      Level
   a - Beastly Appendage              Transmutation                1
   b - Sticks to Snakes               Transmutation                2
   c - Spider Form                    Transmutation/Poison         3
   d - Ice Form                       Ice/Transmutation            4
   e - Blade Hands                    Transmutation                5
Comestibles
 c - a bread ration
 n - a royal jelly
 o - 5 fruits
 r - 2 chunks of flesh


   Skills:
 * Level 1.5 Fighting
 + Level 2.2 Dodging
 * Level 2.6 Stealth
 * Level 4.4 Unarmed Combat
 + Level 2.1 Spellcasting
 * Level 2.2 Transmutations


You had one spell level left.
You knew the following spells:

 Your Spells              Type           Power        Failure   Level  Hunger
a - Beastly Appendage     Tmut           #.....       9%          1    #......
b - Sticks to Snakes      Tmut           #.......     13%         2    ###....
c - Spider Form           Tmut/Pois      #.........   36%         3    ###....


Dungeon Overview and Level Annotations

Branches:
Dungeon (3/15)

Altars:
Elyvilon

Annotations:
D:3 Jessica


Innate Abilities, Weirdness & Mutations

You cannot wear most types of armour.
You are very stealthy in the water. (Stealth+)
You are amphibious.
You can wear up to eight rings at the same time.
You can use your tentacles to constrict eight enemies at once.
Your skin changes colour to match your surroundings (Stealth+).
Your rubbery body absorbs attacks. (AC +1, EV +1)


Message History

Jessica says, "I'm really upset."
Jessica hits you with a dagger.
* * * LOW HITPOINT WARNING * * *
The orc hits you but does no damage.
You are more poisoned.
Unknown command.
It was a potion of lignification.
You turn into a tree.
Your roots penetrate the ground.
You lose your grip on the orc wizard.
* * * LOW HITPOINT WARNING * * *
You feel sick.
The orc wizard barely misses your adder.
Your adder closely misses the orc wizard.
Jessica hits you but does no damage. The orc completely misses you.
Unknown command.
Unknown command.
It was a potion of cancellation.
Your magical effects are unravelling.
You feel magically purged.
You feel less wooden.
You die...

######### ).......#### #
########....# ..
#.<.#...###.# ..#
...).....##.## .).#
..........#..### ....#
........(.##...###S....#
..........####.@@oo....#
.........## ###o##....#
....#...## #.# ###
.######.# ..# . .# ###


You could see an orc wizard, Jessica, 2 orcs and a friendly adder.

Vanquished Creatures
  A howler monkey (D:2)
  2 adders (D:2)
  A worm (D:3)
  2 dart slugs
  3 leopard geckos (D:1)
  A giant cockroach (D:1)
  8 goblins
  3 hobgoblins
  6 kobolds
  A quokka (D:2)
  3 bats (D:1)
  3 frilled lizards
  8 rats
42 creatures vanquished.

Vanquished Creatures (collateral kills)
  An adder (D:2)
  A goblin (D:2)
  A frilled lizard (D:2)
3 creatures vanquished.

Grand Total: 45 creatures vanquished

Notes
Turn   | Place    | Note
-------+----------+-------------------------------------------
     0 | D:1      | McKennaii the Octopode Transmuter began the quest for the Orb.
     0 | D:1      | Reached XP level 1. HP: 13/13 MP: 3/3
   239 | D:1      | Reached XP level 2. HP: 11/18 MP: 5/5
   988 | D:1      | Reached XP level 3. HP: 17/23 MP: 6/6
   992 | D:1      | Learned a level 2 spell: Sticks to Snakes
   996 | D:1      | Learned a level 3 spell: Spider Form
  1279 | D:2      | Reached skill level 1 in Stealth
  1442 | D:2      | Reached skill level 4 in Unarmed Combat
  1616 | D:2      | Found a white marble altar of Elyvilon.
  1619 | D:2      | Reached XP level 4. HP: 22/28 MP: 7/7
  2052 | D:3      | Noticed Jessica
  2058 | D:3      | Succumbed to an orc's poison

Skill      XL: |  1  2  3  4 |
---------------+-------------+-----
Stealth        | 1 2 |  2.6
Unarmed Combat | 4 |  4.4
Fighting       | |  1.5
Dodging        | |  2.2
Spellcasting   | |  2.1
Transmutations | |  2.2

Action                   |  1- 3 |  4- 6 || total
-------------------------+-------+-------++-------
Melee: Unarmed           |    73 |    29 ||   102
       Constrict         |    20 |     9 ||    29
       Tentacles         |     6 |     7 ||    13
       Punch             |     1 |       ||     1
 Cast: Sticks to Snakes  |     2 |     1 ||     3
  Use: Potion            |       |     3 ||     3
 Stab: Sleeping          |    10 |       ||    10
  Eat: Chunk             |     2 |     2 ||     4
Armor: Skin              |     5 |     7 ||    12
Dodge: Dodged            |    46 |    17 ||    63
